 Dungeon Crawl Stone Soup version 0.21-a0-344-g2144152 (webtiles) character file.

562 tidbits the Charmwright (level 7, 0/84 HPs)
             Began as a Gnoll Skald on Oct 5, 2017.
             Slain by a worker ant (5 damage)
             ... on level 7 of the Dungeon.
             The game lasted 00:10:26 (1487 turns).

tidbits the Charmwright (Gnoll Skald)               Turns: 1487, Time: 00:10:27

Health: 0/84       AC: 23    Str: 13    XL:     7   Next: 31%
Magic:  1/15       EV:  2    Int: 18    God:
Gold:   191        SH:  0    Dex: 14    Spells: 6/17 levels left

rFire    . . .     SeeInvis .     - Unarmed
rCold    . . .     Gourm    .   (no shield)
rNeg     + + +     Faith    .   (armour currently unavailable)
rPois    +         Spirit   .   (helmet currently unavailable)
rElec    .         Reflect  .   (cloak currently unavailable)
rCorr    .         Harm     .   (gloves currently unavailable)
MR       .....     NoTele   +   (boots currently unavailable)
Stlth    ++........             (no amulet)
HPRegen  0.24/turn              (no ring)
MPRegen  0.14/turn              (no ring)

@: tree-form, infused
A: distributed training, blurry vision 2, strong nose
a: no special abilities


You were on level 7 of the Dungeon.
You were not hungry.
You were a tree.
You visited 2 branches of the dungeon, and saw 8 of its levels.

You collected 191 gold pieces.

Inventory:

Hand Weapons
 a - a +0 hand axe
Missiles
 b - 13 arrows
 l - 3 curare-tipped needles
 r - 3 tomahawks (quivered)
Armour
 B - a +0 leather armour (melded)
 E - a +2 helmet (melded)
 G - a +0 pair of gloves (melded)
Wands
 q - a wand of lightning (15/15)
Scrolls
 e - a scroll of magic mapping {unknown}
 f - a scroll of amnesia {unknown}
 g - a scroll of enchant armour
 h - 2 scrolls of recharging
 j - a scroll of fog
 k - a scroll of teleportation
 m - a scroll of remove curse
Books
 c - a book of Battle

   Spells                             Type                      Level
   a - Infusion                       Charms                       1
   b - Shroud of Golubria             Charms/Translocation         2
   c - Song of Slaying                Charms                       2
   d - Spectral Weapon                Hexes/Charms                 3
   e - Regeneration                   Charms/Necromancy            3
Comestibles
 d - 4 bread rations
 o - 2 chunks of flesh
 p - 2 meat rations


   Skills:
 + Level 5.2 Fighting
 + Level 2.3 Short Blades
 + Level 2.3 Long Blades
 + Level 5.2 Axes
 + Level 2.3 Maces & Flails
 + Level 2.3 Polearms
 + Level 2.3 Staves
 + Level 2.3 Slings
 + Level 2.3 Bows
 + Level 2.3 Crossbows
 + Level 2.3 Throwing
 + Level 3.5 Armour
 + Level 5.2 Dodging
 + Level 2.3 Stealth
 + Level 2.3 Shields
 + Level 2.3 Unarmed Combat
 + Level 5.5 Spellcasting
 + Level 2.3 Conjurations
 + Level 2.3 Hexes
 + Level 7.0 Charms
 + Level 2.3 Summonings
 + Level 2.3 Necromancy
 + Level 2.3 Translocations
 + Level 2.3 Transmutations
 + Level 2.3 Fire Magic
 + Level 2.3 Ice Magic
 + Level 2.3 Air Magic
 + Level 2.3 Earth Magic
 + Level 2.3 Poison Magic
 + Level 2.3 Invocations
 + Level 2.3 Evocations


You had 6 spell levels left.
You knew the following spells:

 Your Spells              Type           Power        Failure   Level  Hunger
g - Shroud of Golubria    Chrm/Tloc      ###.......   2%          2    None
i - Infusion              Chrm           ####         1%          1    None
r - Regeneration          Chrm/Necr      ###.......   5%          3    ##.....
s - Song of Slaying       Chrm           ####....     1%          2    None
w - Spectral Weapon       Hex/Chrm       ###.....     5%          3    ##.....


Dungeon Overview and Level Annotations

Branches:
Dungeon (7/15)             Temple (1/1) D:5

Altars:
Ashenzari
Dithmenos
Elyvilon
Gozag
Makhleb
Nemelex Xobeh
Okawaru
Qazlal
Ru
Trog
Uskayaw
Vehumet
Yredelemnul
Zin

Annotations:
D:4 Sigmund


Innate Abilities, Weirdness & Mutations

Your experience applies equally to all skills.
((You have very sharp teeth.))
Your uncanny sense of smell can sniff out nearby items.
Scrolls take you longer to read.
((Your flesh is heat resistant. (rF+)))
((You are covered in fur. (AC +1)))


Message History

Your spectral weapon hits the bullfrog!
You kill the bullfrog!
Your Charms skill increases to level 7!
Your spectral weapon closely misses the adder.
Your spectral weapon misses the orc warrior.
Your spectral weapon barely misses the orc.
The orc warrior closely misses you. The adder bites your spectral weapon.
Your spectral weapon shares its damage with you!
The orc barely misses your spectral weapon.
You hit the orc!
You kill the orc!
The adder bites your spectral weapon.
Your spectral weapon shares its damage with you!
The orc warrior hits you from afar with a trident.
The orc hits your spectral weapon but does no damage.
A worker ant comes into view.
You swap places.
The adder bites you but does no damage. The orc warrior barely misses you.
The orc hits you but does no damage. The adder barely misses you.
Things that are here:
a mace; an orc corpse You hit the orc warrior but do no damage.
Your bite misses the orc warrior.
The orc warrior is lightly wounded.
You hit the adder. You hit the orc.
Your spectral weapon hits the orc warrior!
Your spectral weapon hits the orc but does no damage.
The orc warrior hits you but does no damage.
The adder closely misses you.
The orc hits your spectral weapon but does no damage.
You closely miss the orc warrior.
The orc warrior is moderately wounded.
You completely miss the adder. You barely miss the orc.
Your spectral weapon hits the orc warrior but does no damage.
Your spectral weapon completely misses the orc.
The adder bites you but does no damage.
The orc warrior hits you with a trident!
* * * LOW HITPOINT WARNING * * *
The orc misses you.
You hit the orc warrior but do no damage.
The orc warrior is moderately wounded.
You hit the orc but do no damage. You hit the adder.
Your spectral weapon hits the orc warrior but does no damage.
Your spectral weapon hits the orc.
You kill the orc!
The adder barely misses you.
The orc warrior hits you with a trident.
* * * LOW HITPOINT WARNING * * *
The adder bites you but does no damage.
You hit the orc warrior but do no damage.
Your bite misses the orc warrior.
The orc warrior is moderately wounded.
You hit the worker ant but do no damage.
You hit the adder.
Your spectral weapon closely misses the orc warrior.
The worker ant barely misses you. The adder closely misses you.
The orc warrior hits you with a trident!
* * * LOW HITPOINT WARNING * * *
You hit the orc warrior.
The orc warrior is moderately wounded.
You hit the worker ant. You hit the adder.
You kill the adder!
Your spectral weapon hits the orc warrior.
The worker ant bites you.
* * * LOW HITPOINT WARNING * * *
The orc warrior closely misses you.
It was a potion of lignification.
You turn into a tree.
Your +2 helmet melds into your body.
Your +0 pair of gloves melds into your body.
Your +0 leather armour melds into your body.
Your roots penetrate the ground.
The worker ant completely misses you.
The orc warrior hits you with a trident.
* * * LOW HITPOINT WARNING * * *
The worker ant bites you but does no damage.
Unknown command.
You completely miss the orc warrior.
The orc warrior is heavily wounded.
You hit the worker ant.
Your spectral weapon hits the orc warrior.
The orc warrior hits your spectral weapon with a trident!!
Your spectral weapon shares its damage with you!
Your spectral weapon fades away.
* * * LOW HITPOINT WARNING * * *
The worker ant bites you but does no damage.
The orc warrior shouts!
Casting: Infusion
Confirm with . or Enter, or press ? or * to list all spells.
You don't have enough magic to cast that spell.
You aren't carrying any potions.
Unknown command.
You aren't carrying any potions.
Unknown command.
Really read with blurry vision while enemies are nearby?
Okay, then.
Wield which item (- for none, * to show all)? (? for menu, Esc to quit)
You are now empty-handed.
You barely miss the orc warrior.
The orc warrior is severely wounded.
The worker ant bites you.
You die...

## ### #... ..# ..#
#...# #..# #$#
#...# #.#.# #.#
#...# .....##.#
#...# ........#
#...# ##
......)a####...##.#
#o♣.........#
#..).......(.## ∆
###...........#
.....###.....#.#
###### #.###.# #
#.# #.# #.###.#
#....(# #####...###


You could see an orc warrior and a worker ant.

Vanquished Creatures
  An ogre (D:7)
  A bullfrog (D:7)
  4 orc priests
  5 orc wizards
  A worker ant (D:4)
  6 adders
  3 worms
  A dart slug (D:4)
  14 orcs
  2 giant cockroaches
  3 goblins
  2 hobgoblins (D:1)
  13 jackals
  3 kobolds
  2 quokkas
  6 bats
  2 frilled lizards
  A quokka skeleton (D:5)
  4 rats
74 creatures vanquished.

Vanquished Creatures (others)
  A spectral weapon (D:7)
1 creature vanquished.

Grand Total: 75 creatures vanquished

Notes
Turn   | Place    | Note
-------+----------+-------------------------------------------
     0 | D:1      | tidbits the Gnoll Skald began the quest for the Orb.
     0 | D:1      | Reached XP level 1. HP: 20/20 MP: 6/6
   206 | D:1      | Reached XP level 2. HP: 23/26 MP: 0/7
   210 | D:1      | Learned a level 2 spell: Song of Slaying
   213 | D:1      | Learned a level 2 spell: Shroud of Golubria
   499 | D:4      | Reached skill level 5 in Spellcasting
   499 | D:4      | Reached XP level 3. HP: 31/31 MP: 3/9
   508 | D:4      | Noticed Sigmund
   520 | D:3      | Gained mutation: Scrolls take you a little longer to read. [potion of mutation]
   520 | D:3      | Gained mutation: Scrolls take you longer to read. [potion of mutation]
   520 | D:3      | Gained mutation: Your flesh is heat resistant. (rF+) [potion of mutation]
   520 | D:3      | Gained mutation: You are covered in fur. (AC +1) [potion of mutation]
   527 | D:3      | Reached skill level 1 in Short Blades
   527 | D:3      | Reached skill level 1 in Long Blades
   527 | D:3      | Reached skill level 1 in Maces & Flails
   527 | D:3      | Reached skill level 1 in Polearms
   527 | D:3      | Reached skill level 1 in Staves
   527 | D:3      | Reached skill level 1 in Slings
   527 | D:3      | Reached skill level 1 in Bows
   527 | D:3      | Reached skill level 1 in Crossbows
   527 | D:3      | Reached skill level 1 in Throwing
   527 | D:3      | Reached skill level 1 in Stealth
   527 | D:3      | Reached skill level 1 in Shields
   527 | D:3      | Reached skill level 1 in Unarmed Combat
   527 | D:3      | Reached skill level 1 in Conjurations
   527 | D:3      | Reached skill level 1 in Hexes
   527 | D:3      | Reached skill level 1 in Summonings
   527 | D:3      | Reached skill level 1 in Necromancy
   527 | D:3      | Reached skill level 1 in Translocations
   527 | D:3      | Reached skill level 1 in Transmutations
   527 | D:3      | Reached skill level 1 in Fire Magic
   527 | D:3      | Reached skill level 1 in Ice Magic
   527 | D:3      | Reached skill level 1 in Air Magic
   527 | D:3      | Reached skill level 1 in Earth Magic
   527 | D:3      | Reached skill level 1 in Poison Magic
   527 | D:3      | Reached skill level 1 in Invocations
   527 | D:3      | Reached skill level 1 in Evocations
   530 | D:3      | HP: 3/31 [orc/club (4)]
   531 | D:3      | Reached XP level 4. HP: 4/38 MP: 0/11
   552 | D:3      | Learned a level 3 spell: Regeneration
   556 | D:3      | Learned a level 3 spell: Spectral Weapon
   794 | D:4      | Reached XP level 5. HP: 36/43 MP: 1/12
   855 | D:5      | Entered Level 5 of the Dungeon
   887 | D:4      | Reached skill level 3 in Armour
  1074 | D:6      | Reached XP level 6. HP: 40/50 MP: 4/13
  1110 | D:5      | Found a staircase to the Ecumenical Temple.
  1122 | Temple   | Entered the Ecumenical Temple
  1408 | D:7      | Reached skill level 5 in Fighting
  1408 | D:7      | Reached skill level 5 in Axes
  1408 | D:7      | Reached skill level 5 in Dodging
  1414 | D:7      | Reached skill level 2 in Short Blades
  1414 | D:7      | Reached skill level 2 in Long Blades
  1414 | D:7      | Reached skill level 2 in Maces & Flails
  1414 | D:7      | Reached skill level 2 in Polearms
  1414 | D:7      | Reached skill level 2 in Staves
  1414 | D:7      | Reached skill level 2 in Slings
  1414 | D:7      | Reached skill level 2 in Bows
  1414 | D:7      | Reached skill level 2 in Crossbows
  1414 | D:7      | Reached skill level 2 in Throwing
  1414 | D:7      | Reached skill level 2 in Stealth
  1414 | D:7      | Reached skill level 2 in Shields
  1414 | D:7      | Reached skill level 2 in Unarmed Combat
  1414 | D:7      | Reached skill level 2 in Conjurations
  1414 | D:7      | Reached skill level 2 in Hexes
  1414 | D:7      | Reached skill level 2 in Summonings
  1414 | D:7      | Reached skill level 2 in Necromancy
  1414 | D:7      | Reached skill level 2 in Translocations
  1414 | D:7      | Reached skill level 2 in Transmutations
  1414 | D:7      | Reached skill level 2 in Fire Magic
  1414 | D:7      | Reached skill level 2 in Ice Magic
  1414 | D:7      | Reached skill level 2 in Air Magic
  1414 | D:7      | Reached skill level 2 in Earth Magic
  1414 | D:7      | Reached skill level 2 in Poison Magic
  1414 | D:7      | Reached skill level 2 in Invocations
  1414 | D:7      | Reached skill level 2 in Evocations
  1450 | D:7      | Reached XP level 7. HP: 50/56 MP: 7/15
  1476 | D:7      | Reached skill level 7 in Charms
  1483 | D:7      | HP: 5/56 [worker ant (3)]
  1487 | D:7      | Slain by a worker ant

Vault maps used:
D:1:      lightli_molten_gateway, grunt_decor_arrowhead
D:2:      minmay_roachtagon, uniq_terence
D:4:      minmay_door_path, uniq_sigmund, uniq_blork_the_orc, uniq_robin,
          uniq_edmund
D:5:      minmay_temple_entry_junction, first_bread, grunt_gozag_breadcrumbs,
          uniq_crazy_yiuf_cottage
D:6:      palyth_stone_intersect, minivault_22, uniq_duvessa
Temple:   minmay_temple_curvy_branch

Skill      XL: |  1  2  3  4  5  6  7 |
---------------+----------------------+-----
Spellcasting   | 5 |  5.5
Short Blades   | 1 2 |  2.3
Long Blades    | 1 2 |  2.3
Maces & Flails | 1 2 |  2.3
Polearms       | 1 2 |  2.3
Staves         | 1 2 |  2.3
Slings         | 1 2 |  2.3
Bows           | 1 2 |  2.3
Crossbows      | 1 2 |  2.3
Throwing       | 1 2 |  2.3
Stealth        | 1 2 |  2.3
Shields        | 1 2 |  2.3
Unarmed Combat | 1 2 |  2.3
Conjurations   | 1 2 |  2.3
Hexes          | 1 2 |  2.3
Summonings     | 1 2 |  2.3
Necromancy     | 1 2 |  2.3
Translocations | 1 2 |  2.3
Transmutations | 1 2 |  2.3
Fire Magic     | 1 2 |  2.3
Ice Magic      | 1 2 |  2.3
Air Magic      | 1 2 |  2.3
Earth Magic    | 1 2 |  2.3
Poison Magic   | 1 2 |  2.3
Invocations    | 1 2 |  2.3
Evocations     | 1 2 |  2.3
Armour         | 3 |  3.5
Fighting       | 5 |  5.2
Axes           | 5 |  5.2
Dodging        | 5 |  5.2
Charms         | 7 |  7.0

Action                   |  1- 3 |  4- 6 |  7- 9 || total
-------------------------+-------+-------+-------++-------
Melee: Hand axe          |    58 |    49 |    11 ||   118
       Bite              |     2 |     6 |       ||     8
       Unarmed           |       |    42 |     1 ||    43
 Cast: Infusion          |     8 |    10 |     1 ||    19
       Shroud of Golubri |     1 |     1 |       ||     2
       Regeneration      |       |     2 |       ||     2
       Spectral Weapon   |       |     8 |     1 ||     9
  Use: Potion            |     4 |       |     2 ||     6
       Scroll            |       |     6 |       ||     6
 Stab: Sleeping          |     1 |       |       ||     1
  Eat: Chunk             |       |     3 |       ||     3
Armor: Leather armour    |    21 |    28 |     5 ||    54
       Skin              |       |       |     2 ||     2
Dodge: Dodged            |   106 |    70 |    18 ||   194

Table legend:
 A = Spawn XP
 B = Non-spawn XP
 C = Spawn XP percentage of total XP
 D = Spawn monster count
 E = Non-spawn monster count
 F = Spawn count percentage of total count
 G = Total turns spent on level
                    A         B        C        D         E        F      G
               +---------+---------+-------+---------+---------+-------+---------
         Total |       0 |     803 |   0.0 |       0 |      74 |   0.0 |  1487
               +---------+---------+-------+---------+---------+-------+---------
           D:1 |       0 |      15 |   0.0 |       0 |      10 |   0.0 |   337
           D:2 |       0 |       6 |   0.0 |       0 |       4 |   0.0 |    45
           D:3 |       0 |      75 |   0.0 |       0 |      25 |   0.0 |   298
           D:4 |       0 |     197 |   0.0 |       0 |      12 |   0.0 |   361
           D:5 |       0 |       9 |   0.0 |       0 |       3 |   0.0 |   131
           D:6 |       0 |      96 |   0.0 |       0 |       8 |   0.0 |    39
           D:7 |       0 |     405 |   0.0 |       0 |      12 |   0.0 |    84
               +---------+---------+-------+---------+---------+-------+---------

Table legend:
 A = Turns spent in this place as a percentage of turns spent in the entire game.
 B = Non-inter-level travel turns spent in this place as a percentage of non-inter-level travel turns spent in the entire game.
 C = Inter-level travel turns spent in this place as a percentage of turns spent in this place.
 D = Turns resting spent in this place as a percentage of non-inter-level travel turns spent in this place.
 E = Turns spent auto-exploring this place as a percentage of non-inter-level travel turns spent in this place.
 F = Non-inter-level travel turns spent in this place divided by the number of levels of this place that you've seen.
                   A       B       C       D       E      F
               +-------+-------+-------+-------+-------+----------------------
         Total | 100.0 | 100.0 |   7.0 |   0.0 |   0.0 | 172.9
       Dungeon |  87.1 |  90.5 |   3.3 |   0.0 |   0.0 | 178.9
        Temple |  12.9 |   9.5 |  31.8 |   0.0 |   0.0 | 131.0
               +-------+-------+-------+-------+-------+----------------------

Table legend:
 A = Kills in this place as a percentage of kills in entire the game.
 B = Kills by you in this place as a percentage of kills by you in the entire game.
 C = Kills by friends in this place as a percentage of kills by friends in the entire game.
 D = Other kills in this place as a percentage of other kills in the entire game.
 E = Experience gained in this place as a percentage of experience gained in the entire game.
 F = Experience gained in this place divided by the number of levels of this place that you have seen.
                   A       B       C       D       E      F
               +-------+-------+-------+-------+-------+----------------------
         Total | 100.0 | 100.0 |   N/A |   N/A | 100.0 | 100.4
       Dungeon | 100.0 | 100.0 |   N/A |   N/A | 100.0 | 114.7
               +-------+-------+-------+-------+-------+----------------------

Vault maps used:
D:1:      lightli_molten_gateway, grunt_decor_arrowhead
D:2:      minmay_roachtagon, uniq_terence
D:4:      minmay_door_path, uniq_sigmund, uniq_blork_the_orc, uniq_robin,
          uniq_edmund
D:5:      minmay_temple_entry_junction, first_bread, grunt_gozag_breadcrumbs,
          uniq_crazy_yiuf_cottage
D:6:      palyth_stone_intersect, minivault_22, uniq_duvessa
Temple:   minmay_temple_curvy_branch
